 Dungeon Crawl Stone Soup version bcrawl-1.12-11-gb93c957c58 (webtiles) character file.

Game seed: 7153748874997125393

60360 MisterOstroum the Thaumaturge (level 14, -20/111 HPs)
             Began as a Gnoll Skald on June 24, 2019.
             Was a High Priest of Wu Jian.
             Killed from afar by a ynoxinul (25 damage)
             ... with an iron shot
             ... summoned by an orc high priest
             ... while paralysed by an orc sorcerer
             ... in the Orcish Mines on June 26, 2019.
             The game lasted 01:36:58 (27021 turns).

MisterOstroum the Thaumaturge (Gnoll Skald)        Turns: 27021, Time: 01:36:59

Health: -20/111    AC: 17    Str: 15    XL:     14   Next: 99%
Magic:  25/28      EV:  2    Int: 17    God:    Wu Jian [*****.]
Gold:   1685       SH:  0    Dex: 21    Spells: 10/34 levels left

rFire    . . .     SeeInvis +   l - +10 flail "Qikhlewock" {pain, Dex+4}
rCold    + . .     Gourm    .   y - +0 buckler
rNeg     . . .     Faith    +   v - +4 ring mail
rPois    .         Spirit   .   z - +0 hat {SInv}
rElec    .         Reflect  .   O - +0 cloak
rCorr    .         Harm     .   X - +2 pair of gloves
MR       +....                  V - +0 pair of boots {Stlth+}
Stlth    ++........             L - amulet of faith
HPRegen  0.28/turn              R - ring of wizardry
MPRegen  0.21/turn              b - ring of protection from cold

@: paralysed, singing, hasted, glowing, heavenly storm
A: distributed training, fangs 1, mutation resistance 1, wild magic 1, strong
nose
a: Wall Jump, Serpent's Lash, Heavenly Storm, Renounce Religion


You were in the Orcish Mines.
You worshipped Wu Jian.
Wu Jian was extremely pleased with you.
You were hungry.

You visited 4 branches of the dungeon, and saw 19 of its levels.
You also visited: Ossuary.

You collected 2488 gold pieces.
You spent 803 gold pieces at shops.

Inventory:

Hand Weapons
 a - a +2 war axe of freezing
 i - the +1 dagger "Kytemnown" {pain, +Rage +Fly rC- Int+3}
   (You found it on level 6 of the Lair of Beasts)

   In the hands of one skilled in necromantic magic, it inflicts extra damage on
   living creatures.
   It affects your intelligence (+3).
   It makes you vulnerable to cold.
   It lets you fly.
   It lets you go berserk.
 l - the +10 flail "Qikhlewock" (weapon) {pain, Dex+4}
   (You found it on level 3 of the Lair of Beasts)

   In the hands of one skilled in necromantic magic, it inflicts extra damage on
   living creatures.
   It affects your dexterity (+4).
Missiles
 g - 6637 stones
 m - 75 tomahawks (quivered)
 u - 1228 arrows
 N - 48 poisoned tomahawks
Armour
 t - a +0 pair of boots
 v - a +4 ring mail (worn)
 y - a +0 buckler (worn)
 z - a +0 hat of see invisible (worn)
 O - a +0 cloak (worn)
 V - a +0 pair of boots of stealth (worn)
 X - a +2 pair of gloves (worn)
Jewellery
 b - a ring of protection from cold (right hand)
 C - an uncursed ring of insulation
 L - an amulet of faith (around neck)
 Q - an uncursed ring of protection from fire
 R - a ring of wizardry (left hand)
Wands
 k - a wand of random effects (21)
 G - a wand of clouds (3)
 I - a wand of polymorph (34)
 J - a wand of scattershot (3)
 P - a wand of enslavement (6)
 U - a wand of iceblast (8)
 Z - a wand of disintegration (17)
Scrolls
 d - 2 scrolls of fear {!r}
 h - 4 scrolls of remove curse {@r2}
 p - 8 scrolls of teleportation {@r3 !r}
 s - 6 scrolls of amnesia
 w - 8 scrolls of blinking {@r4}
 H - a scroll of immolation
 S - a scroll of silence
 T - 2 scrolls of magic mapping {@r5 !r}
 Y - a scroll of enchant weapon
Potions
 c - 2 potions of ambrosia
 f - a potion of resistance {unknown}
 n - 2 potions of cancellation {unknown}
 o - 2 potions of flight {unknown}
 q - 3 potions of might {@q3 !q}
 r - 2 potions of heal wounds {@q2 !q}
 x - 2 potions of haste {@q4 !q}
 A - 2 potions of agility {unknown}
 B - 3 potions of lignification {@q6}
 D - 5 potions of invisibility
 E - a potion of berserk rage {unknown}
 F - 3 potions of brilliance
 K - a potion of degeneration {unknown}
 M - 6 potions of curing {@q1 !q}
 W - a potion of magic {unknown}
Comestibles
 e - 35 rations {!d}
 j - 14 chunks of flesh


   Skills:
 + Level 10.5 Fighting
 + Level 9.5 Short Blades
 + Level 9.5 Long Blades
 + Level 10.5 Axes
 + Level 9.5 Maces & Flails
 + Level 9.5 Polearms
 + Level 9.5 Staves
 + Level 9.5 Slings
 + Level 9.5 Bows
 + Level 9.5 Crossbows
 + Level 9.5 Throwing
 + Level 9.9 Armour
 + Level 10.5 Dodging
 + Level 9.5 Stealth
 + Level 9.5 Shields
 + Level 9.5 Unarmed Combat
 + Level 10.7 Spellcasting
 + Level 8.0 Conjurations
 + Level 8.0 Hexes
 + Level 9.7 Charms
 + Level 8.0 Summonings
 + Level 8.0 Necromancy
 + Level 8.0 Translocations
 + Level 8.0 Transmutations
 + Level 8.0 Fire Magic
 + Level 8.0 Ice Magic
 + Level 8.0 Air Magic
 + Level 8.0 Earth Magic
 + Level 8.0 Poison Magic
 + Level 10.3 Invocations
 + Level 9.5 Evocations


You had 10 spell levels left.
You knew the following spells:

 Your Spells              Type           Power        Failure   Level  Hunger
a - Infusion              Chrm           ######..     1%          1    None
b - Song of Slaying       Chrm           ######..     1%          2    None
c - Spectral Weapon       Hex/Chrm       ######..     1%          3    None
d - Ozocubu's Armour      Chrm/Ice       ######..     1%          3    None
e - Regeneration          Chrm/Necr      ######....   1%          3    None
f - Yara's Violent Unrav  Hex/Tmut       #####.....   3%          4    ###....
g - Cause Fear            Hex            #####.....   3%          4    ###....
h - Shackle               Hex            #####...     1%          2    None
i - Sticks to Snakes      Tmut           #####...     1%          2    None

Your spell library contained the following spells:

 Spells                   Type           Power        Failure   Level  Hunger
 Animate Skeleton         Necr           N/A          1%          1    None
 Beastly Appendage        Tmut           #####.       1%          1    None
 Corona                   Hex            #####..      1%          1    None
 Flame Tongue             Conj/Fire      #####        1%          1    None
 Freeze                   Ice            ####         1%          1    None
 Pain                     Necr           ####         1%          1    None
 Sandblast                Erth           #####.       1%          1    None
 Shock                    Conj/Air       ####         1%          1    None
 Passwall                 Tmut/Erth      #####...     1%          2    None
 Swiftness                Chrm/Air       ######..     1%          2    None
 Throw Frost              Conj/Ice       #####.       1%          2    None
 Conjure Flame            Conj/Fire      #####...     1%          3    None
 False Image              Hex/Summ       #####...     1%          3    None
 Inner Flame              Hex/Fire       N/A          1%          3    None
 Spider Form              Tmut/Pois      #####.....   1%          3    None
 Static Discharge         Conj/Air       #####...     1%          3    None
 Stone Arrow              Conj/Erth      #####.       1%          3    None
 Vampiric Draining        Necr           #####.....   1%          3    None
 Airstrike                Air            #####.....   3%          4    ###....
 Animate Dead             Necr           N/A          3%          4    ###....
 Ice Form                 Ice/Tmut       #####...     3%          4    ###....
 Petrify                  Tmut/Erth      #####...     3%          4    ###....
 Sticky Flame             Conj/Fire      #####...     3%          4    ###....
 Summon Ice Beast         Ice/Summ       #####...     3%          4    ###....
 Throw Icicle             Conj/Ice       #####...     3%          4    ###....
 Blade Hands              Tmut           #####.....   9%          5    #####..
 Bolt of Draining         Conj/Necr      #####.....   9%          5    #####..
 Fireball                 Conj/Fire      #####.....   9%          5    #####..
 Lee's Rapid Deconstruct  Erth           #####.....   9%          5    #####..
 Lightning Bolt           Conj/Air       #####.....   9%          5    #####..


Dungeon Overview and Level Annotations

Branches:
Dungeon (11/12)            Temple (1/1) D:5            Lair (6/6) D:10
 Shoals (0/3) Lair:2       Spider (0/3) Lair:3        Slime (0/5) Lair:6
    Orc (1/1) D:11
    Elf: Orc:1       Vaults: D:11-12

Altars:
Ashenzari
Cheibriados
Dithmenos
Elyvilon
Fedhas
Gozag
Hepliaklqana
Kikubaaqudgha
Makhleb
Nemelex Xobeh
Okawaru
Qazlal
Ru
Sif Muna
Trog
Uskayaw
Vehumet
Wu Jian
Xom
Yredelemnul
Beogh
Jiyva

Shops:
D:5 :   D:7 *   D:10 (   D:11 [   Orc (

Annotations:
D:3 2 transporters
Lair:4 2 transporters, Bal's ghost, journeyman DWAc
Lair:6 1 runed door


Innate Abilities, Weirdness & Mutations

Your experience applies equally to all skills.
You have very sharp teeth.
Your uncanny sense of smell can sniff out nearby items.
You are somewhat resistant to further mutation.
Your spells are a little harder to cast, but a little more powerful.


Message History

You kill the orc priest!
The Council accepts your kill.
You are feeling hungry.
You hear a shout!
The orc priest barely misses your spectral weapon.
The orc priest invokes the aid of Beogh against you.
Beogh smites you!
* * * LOW HITPOINT WARNING * * *
You block the orc warrior's attack.
You hear a shout! x3
The orc priest calls upon Beogh to heal the orc warrior.
The orc warrior is healed somewhat.
You bludgeon the orc priest!!
You kill the orc priest!
The Council accepts your kill.
Your Conjurations skill increases to level 8!
Your Hexes skill increases to level 8!
Your Summonings skill increases to level 8!
Your Necromancy skill increases to level 8!
Your Translocations skill increases to level 8!
Your Transmutations skill increases to level 8!
Your Fire Magic skill increases to level 8!
Your Ice Magic skill increases to level 8!
Your Air Magic skill increases to level 8!
Your Earth Magic skill increases to level 8!
Your Poison Magic skill increases to level 8!
The orc warrior hits your spectral weapon with a +0 scimitar.
Your spectral weapon shares its damage with you!
Your spectral weapon fades away.
* * * LOW HITPOINT WARNING * * *
You spin and attack the orc priest.
You bludgeon the orc priest!!
You kill the orc priest!
The Council accepts your kill.
You hear a shout!
The orc warrior misses you.
You spin and attack the orc warrior.
You bludgeon the orc warrior!!
You kill the orc warrior!
The Council accepts your kill.
You spin and attack the orc sorcerer.
You sock the orc sorcerer!
The orc sorcerer writhes in agony.
The orc sorcerer is severely wounded.
You hear a shout! x3
The orc warrior hits you but does no damage.
An orc wizard comes into view. It is wielding a +0 dagger.
The orc high priest calls upon Beogh to heal the orc sorcerer.
The orc sorcerer is healed somewhat.
You block the orc sorcerer's attack.
You spin and attack the orc sorcerer.
You barely miss the orc sorcerer.
The orc sorcerer is moderately wounded.
You hear a shout! x2
The orc wizard looks braver for a moment.
The orc sorcerer gestures wildly while chanting.
Really quaff
x - 3 potions of haste {@q4 !q}?
You feel yourself speed up.
You hear a shout! x4
You block the orc warrior's attack.
An orc wizard comes into view. It is wielding a +0 dagger.
You spin and attack the orc sorcerer.
You barely miss the orc sorcerer.
The orc sorcerer is moderately wounded.
The orc high priest utters an invocation to Beogh.
Things that are here:
a +0 war axe; a +0 chain mail You lunge at the orc high priest.
You sock the orc high priest!
The orc high priest writhes in agony.
The orc high priest is moderately wounded.
You spin and attack the orc sorcerer.
You barely miss the orc sorcerer.
The orc sorcerer is moderately wounded.
An orc priest comes into view. It is wielding a +0 short sword.
You hear a shout! x6
The orc sorcerer points at you and mumbles some strange words.
You suddenly lose the ability to move!
The hellwing completely misses you.
The hellwing hits you but does no damage.
You hear a shout!
The orc wizard hits you but does no damage.
The orc high priest hits you but does no damage.
An orc wizard comes into view. It is wielding a +0 dagger.
The ynoxinul hits you but does no damage.
The orc sorcerer hits you but does no damage.
The orc wizard casts a spell.
The orc wizard flickers and vanishes for a moment.
The hellwing hits you!
* * * LOW HITPOINT WARNING * * *
The hellwing hits you.
* * * LOW HITPOINT WARNING * * *
The orc warrior hits you with a +0 trident.
* * * LOW HITPOINT WARNING * * *
You hear a shout! x3
The orc wizard hits you but does no damage.
The orc high priest hits you but does no damage.
The ynoxinul hits you but does no damage.
The orc sorcerer hits you with a +0 dagger.
* * * LOW HITPOINT WARNING * * *
The hellwing hits you but does no damage. x2
The orc warrior hits you with a +0 trident!
* * * LOW HITPOINT WARNING * * *
An orc warrior comes into view. It is wielding a +0 long sword.
You hear a shout! x2
The orc wizard hits you but does no damage.
The ynoxinul gestures at you.
Helpless, you fail to dodge the iron shot.
You die...

..... #............##
#..... #........##...##
#.....####≈.....##....##
#....). #§§≈§####.....##
#......###§≈≈####.......##
#.....§§##§#####.........#
o....§☼☼o#####......).....
.....○§ooo§§...........#..
oo...☼○oo@§☼..............
o.o..○ooo43§........#.#...
.o...☼§☼oo§§........._....
#.....☼§§§☼§☼.......#.#..#
#.......§§☼§............##
#..........#.#..#......##
#...........#)#####.#.##
#..............# #####
.........).).###


You could see an orc high priest, a hellwing, a ynoxinul, an orc sorcerer, 2 orc
warriors, 2 orc priests and 4 orc wizards.

Vanquished Creatures
  Kirke (D:11)
  Josephine (Orc)
  A great orb of eyes (D:10)
  7 hydras
  A shambling mangrove (Lair:5)
  Erica (Orc)
  4 death yaks
  2 two-headed ogres
  A death knight (D:11)
  Nergalle (D:9)
  An unseen horror (D:11)
  An unseen horror (shapeshifter) (D:11)
  A phantasmal warrior (D:11)
  A deep elf mage (D:11)
  An orc sorcerer (Orc)
  3 ugly things
  A wolf spider (D:9)
  4 manticores
  13 elephants
  Joseph (D:7)
  Maurice (D:8)
  3 black mambas (Lair:6)
  A centaur zombie (D:11)
  A torpor snail (Lair:6)
  8 cane toads
  A rime drake (Lair:6)
  9 komodo dragons
  2 freezing wraiths (D:11)
  8 hornets
  3 trolls
  3 polar bears (Lair:6)
  2 jumping spiders (Lair:3)
  9 dream sheep (Lair:6)
  5 slime creatures (D:11)
  7 blink frogs
  4 hippogriffs
  14 spriggans (Lair:6)
  6 wraiths
  6 redbacks (Lair:3)
  2 hogs (D:11)
  3 wyverns (D:10)
  2 steam dragons
  4 fire bats (Orc)
  A golden eye (shapeshifter) (D:11)
  A basilisk (Lair:6)
  14 yaks
  Edmund (D:6)
  8 water moccasins
  8 porcupines
  Duvessa (D:5)
  A swamp drake (D:10)
  6 orc warriors
  An ice beast (D:7)
  2 sky beasts
  2 eyes of draining (D:9)
  2 phantoms
  5 black bears
  3 boggarts (Lair:6)
  A necrophage (D:8)
  6 ogres
  29 wolves
  13 crocodiles
  2 centaurs
  8 bullfrogs
  8 big kobolds
  Blork the orc (D:5)
  A water moccasin zombie (D:5)
  Dowan (D:5)
  2 scorpions
  3 howler monkeys
  2 electric eels (D:6)
  3 crimson imps
  6 hounds
  10 jellies
  2 quasits
  A bullfrog zombie (D:6)
  5 centaur skeletons
  14 orc priests
  15 orc wizards
  Ijyb (D:5)
  2 iguanas
  7 worker ants
  8 mummies (Ossuary)
  A howler monkey zombie (D:5)
  A worker ant zombie (D:9)
  Robin (D:3)
  8 gnolls
  11 adders
  A shadow imp (D:11)
  24 oozes
  4 adder skeletons
  5 worms
  3 dart slugs
  11 leopard geckos
  70 orcs
  A ball python (D:3)
  A giant cockroach (D:3)
  17 goblins
  11 hobgoblins
  5 jackals
  67 kobolds
  3 quokkas
  3 bats
  3 frilled lizards
  2 gnoll zombies (Ossuary)
  3 hobgoblin zombies (Ossuary)
  3 kobold zombies (Ossuary)
  4 rats
  2 fungi (Lair:2)
  A spectral weapon (Lair:5)
624 creatures vanquished.

Vanquished Creatures (others)
  A human (D:11)
  10 fungi
  8 plants
  18 spectral weapons
37 creatures vanquished.

Grand Total: 661 creatures vanquished

Notes
Turn   | Place    | Note
-------+----------+-------------------------------------------
     0 | D:1      | MisterOstroum the Gnoll Skald began the quest for the Orb.
     0 | D:1      | Reached XP level 1. HP: 20/20 MP: 6/6
   150 | D:1      | Reached XP level 2. HP: 26/26 MP: 4/7
   282 | D:1      | Learned a level 2 spell: Song of Slaying
   904 | D:2      | Reached XP level 3. HP: 26/31 MP: 2/9
   914 | D:2      | Reached skill level 5 in Spellcasting
  1223 | D:2      | Reached skill level 1 in Invocations
  1378 | D:2      | Noticed an orc warrior
  1469 | D:2      | Reached skill level 1 in Short Blades
  1469 | D:2      | Reached skill level 1 in Long Blades
  1469 | D:2      | Reached skill level 1 in Maces & Flails
  1469 | D:2      | Reached skill level 1 in Polearms
  1469 | D:2      | Reached skill level 1 in Staves
  1469 | D:2      | Reached skill level 1 in Slings
  1469 | D:2      | Reached skill level 1 in Bows
  1469 | D:2      | Reached skill level 1 in Crossbows
  1469 | D:2      | Reached skill level 1 in Throwing
  1469 | D:2      | Reached skill level 1 in Stealth
  1469 | D:2      | Reached skill level 1 in Shields
  1469 | D:2      | Reached skill level 1 in Unarmed Combat
  1469 | D:2      | Reached skill level 1 in Evocations
  1555 | D:2      | Reached XP level 4. HP: 36/38 MP: 11/11
  1744 | D:3      | Learned a level 3 spell: Spectral Weapon
  1748 | D:3      | Learned a level 3 spell: Ozocubu's Armour
  1752 | D:3      | Learned a level 3 spell: Regeneration
  1941 | D:3      | Found a transporter.
  1941 | D:3      | Noticed a bullfrog
  1944 | D:3      | Found a transporter.
  1945 | D:3      | Noticed a two-headed ogre
  1990 | D:3      | Reached skill level 1 in Conjurations
  1990 | D:3      | Reached skill level 1 in Hexes
  1990 | D:3      | Reached skill level 1 in Summonings
  1990 | D:3      | Reached skill level 1 in Necromancy
  1990 | D:3      | Reached skill level 1 in Translocations
  1990 | D:3      | Reached skill level 1 in Transmutations
  1990 | D:3      | Reached skill level 1 in Fire Magic
  1990 | D:3      | Reached skill level 1 in Ice Magic
  1990 | D:3      | Reached skill level 1 in Air Magic
  1990 | D:3      | Reached skill level 1 in Earth Magic
  1990 | D:3      | Reached skill level 1 in Poison Magic
  2288 | D:3      | Noticed Robin
  2292 | D:3      | Reached XP level 5. HP: 34/43 MP: 6/12
  2299 | D:3      | Killed Robin
  2640 | D:3      | Reached XP level 6. HP: 14/50 MP: 5/13
  3084 | D:3      | Found a stormy altar of Qazlal.
  3085 | D:3      | Found a burning altar of Makhleb.
  3689 | D:3      | Reached skill level 5 in Fighting
  3689 | D:3      | Reached skill level 5 in Axes
  3689 | D:3      | Reached skill level 5 in Dodging
  4295 | D:4      | Noticed a phantom
  4317 | D:4      | Killed a phantom
  4317 | D:4      | Reached XP level 7. HP: 44/56 MP: 6/15
  5715 | D:5      | Entered Level 5 of the Dungeon
  5909 | D:5      | Found a staircase to the Ecumenical Temple.
  5915 | D:5      | Found a hide-covered altar of Uskayaw.
  5916 | D:5      | Found a radiant altar of Vehumet.
  5918 | D:5      | Found an opulent altar of Gozag.
  5923 | D:5      | Noticed Blork the orc
  5954 | D:5      | Reached XP level 8. HP: 63/63 MP: 16/16
  6199 | D:5      | Found a sand-covered staircase.
  6262 | Ossuary  | Entered an ossuary
  6320 | Ossuary  | Gained mutation: Your body sometimes deteriorates upon
                  | taking damage. [potion of mutation]
  6320 | Ossuary  | Gained mutation: Your system is resistant to poisons.
                  | (rPois) [potion of mutation]
  6320 | Ossuary  | Gained mutation: You are dopey. (Int -2) [potion of
                  | mutation]
  6320 | Ossuary  | Gained mutation: You are surrounded by a mild repulsion
                  | field. (EV +2) [potion of mutation]
  6806 | D:5      | Noticed Duvessa
  6806 | D:5      | Noticed Dowan
  6818 | D:5      | Killed Duvessa
  6836 | D:5      | Killed Dowan
  6981 | D:5      | Noticed Ijyb
  7138 | D:5      | Killed Blork the orc
  7448 | D:5      | Found Zyfollod's Book Shoppe.
  7534 | D:5      | Killed Ijyb
  7635 | D:6      | Noticed Edmund
  7643 | D:6      | Killed Edmund
  7931 | D:6      | Reached XP level 9. HP: 60/69 MP: 18/18
  8879 | D:6      | Reached skill level 5 in Armour
  9439 | D:7      | Noticed Joseph
  9496 | Temple   | Entered the Ecumenical Temple
  9567 | Temple   | Became a worshipper of the Wu Jian Council
  9661 | D:7      | Killed Joseph
  9879 | D:7      | Found Datsak's Assorted Antiques.
  9881 | D:7      | Reached skill level 5 in Invocations
  9894 | D:7      | Bought a scroll labeled BURHIH SAUDWEU for 31 gold pieces
  9894 | D:7      | Bought a scroll labeled ORHAEGO LUF for 31 gold pieces
  9894 | D:7      | Bought a fuming golden potion for 27 gold pieces
  9894 | D:7      | Bought a scroll labeled BURHIH SAUDWEU for 31 gold pieces
  9894 | D:7      | Bought a runed hunting sling for 139 gold pieces
 10114 | D:7      | Reached XP level 10. HP: 77/77 MP: 14/20
 10737 | D:8      | Found a hazy altar of Hepliaklqana.
 10839 | D:8      | Reached * piety under Wu Jian
 10839 | D:8      | Reached skill level 5 in Short Blades
 10839 | D:8      | Reached skill level 5 in Long Blades
 10839 | D:8      | Reached skill level 5 in Maces & Flails
 10839 | D:8      | Reached skill level 5 in Polearms
 10839 | D:8      | Reached skill level 5 in Staves
 10839 | D:8      | Reached skill level 5 in Slings
 10839 | D:8      | Reached skill level 5 in Bows
 10839 | D:8      | Reached skill level 5 in Crossbows
 10839 | D:8      | Reached skill level 5 in Throwing
 10839 | D:8      | Reached skill level 5 in Stealth
 10839 | D:8      | Reached skill level 5 in Shields
 10839 | D:8      | Reached skill level 5 in Unarmed Combat
 10839 | D:8      | Reached skill level 5 in Evocations
 11231 | D:8      | Noticed a two-headed ogre
 11242 | D:8      | Killed a two-headed ogre
 11262 | D:8      | Noticed Maurice
 11463 | D:8      | Killed Maurice
 11476 | D:8      | Found a deep blue altar of Sif Muna.
 11747 | D:8      | Reached ** piety under Wu Jian
 11760 | D:8      | Found a roughly hewn altar of Beogh.
 11941 | D:9      | Noticed a wolf spider
 11956 | D:9      | Killed a wolf spider
 11956 | D:9      | Reached XP level 11. HP: 78/84 MP: 14/22
 12041 | D:9      | Found a basalt altar of Yredelemnul.
 12095 | D:9      | Found a shimmering altar of Xom.
 12103 | D:9      | Found a white marble altar of Elyvilon.
 12257 | D:9      | Noticed Nergalle
 12277 | D:9      | Killed Nergalle
 12476 | D:9      | Found a stormy altar of Qazlal.
 12941 | D:10     | Entered Level 10 of the Dungeon
 12941 | D:10     | Noticed a brown ugly thing
 13392 | D:6      | Lost mutation: You are dopey. (Int -2) [potion of mutation]
 13392 | D:6      | Gained mutation: You are somewhat resistant to further
                  | mutation. [potion of mutation]
 13513 | D:10     | Found Ymafeuh's Weapon Emporium.
 13560 | D:10     | Reached skill level 5 in Conjurations
 13560 | D:10     | Reached skill level 5 in Hexes
 13560 | D:10     | Reached skill level 5 in Summonings
 13560 | D:10     | Reached skill level 5 in Necromancy
 13560 | D:10     | Reached skill level 5 in Translocations
 13560 | D:10     | Reached skill level 5 in Transmutations
 13560 | D:10     | Reached skill level 5 in Fire Magic
 13560 | D:10     | Reached skill level 5 in Ice Magic
 13560 | D:10     | Reached skill level 5 in Air Magic
 13560 | D:10     | Reached skill level 5 in Earth Magic
 13560 | D:10     | Reached skill level 5 in Poison Magic
 14104 | D:10     | Found a staircase to the Lair.
 14270 | Lair:1   | Entered Level 1 of the Lair of Beasts
 14913 | D:10     | Reached *** piety under Wu Jian
 15080 | D:10     | Noticed a great orb of eyes
 15094 | D:10     | Killed a great orb of eyes
 15102 | D:10     | Killed a brown ugly thing
 16703 | Lair:2   | Reached XP level 12. HP: 78/93 MP: 12/24
 16831 | Lair:2   | Found a staircase to the Shoals.
 16842 | Lair:2   | Learned a level 4 spell: Yara's Violent Unravelling
 16847 | Lair:2   | Learned a level 4 spell: Cause Fear
 16855 | Lair:2   | Learned a level 2 spell: Shackle
 17801 | Lair:3   | Reached **** piety under Wu Jian
 18072 | Lair:3   | Noticed a seven-headed hydra
 18192 | Lair:3   | Found a hole to the Spider Nest.
 19032 | Lair:3   | Identified a scroll of acquirement
 19035 | Lair:3   | Got a translucent flail
 19047 | Lair:3   | Identified the +10 flail "Qikhlewock" {pain, Dex+4} (You
                  | found it on level 3 of the Lair of Beasts)
 19057 | Lair:3   | Lost mutation: Your body sometimes deteriorates upon taking
                  | damage. [potion of mutation]
 19057 | Lair:3   | Lost mutation: You are surrounded by a mild repulsion
                  | field. (EV +2) [potion of mutation]
 19057 | Lair:3   | Lost mutation: Your system is resistant to poisons. (rPois)
                  | [potion of mutation]
 19057 | Lair:3   | Gained mutation: Your spells are a little harder to cast,
                  | but a little more powerful. [potion of mutation]
 19064 | Lair:3   | Learned a level 2 spell: Sticks to Snakes
 19291 | Lair:3   | Killed a seven-headed hydra
 19602 | Lair:4   | Noticed a four-headed hydra
 19615 | Lair:4   | Killed a four-headed hydra
 19821 | Lair:4   | Noticed a death yak
 19821 | Lair:4   | Noticed Bal's ghost (journeyman DWAc)
 19826 | Lair:4   | Found a transporter.
 20257 | Lair:4   | Found a transporter.
 20340 | Lair:4   | Reached XP level 13. HP: 91/101 MP: 17/26
 21819 | Lair:5   | Reached ***** piety under Wu Jian
 22328 | Lair:6   | Entered Level 6 of the Lair of Beasts
 22340 | Lair:6   | Got an ancient robe
 22351 | Lair:6   | Identified the +2 robe of Good Intentions {Int+3} (You
                  | found it on level 6 of the Lair of Beasts)
 22981 | Lair:6   | Reached skill level 10 in Spellcasting
 22987 | Lair:6   | Reached XP level 14. HP: 90/109 MP: 13/28
 23444 | Lair:6   | Reached skill level 10 in Fighting
 23444 | Lair:6   | Reached skill level 10 in Axes
 23444 | Lair:6   | Reached skill level 10 in Dodging
 23452 | Lair:6   | Got a crude dagger
 24100 | Lair:6   | Reached ****** piety under Wu Jian
 24260 | Lair:6   | Found a runed door.
 24260 | Lair:6   | Found a viscous altar of Jiyva.
 24326 | Lair:6   | Found a staircase to the Slime Pits.
 24326 | Lair:6   | Noticed an acid blob
 24639 | D:10     | Identified the cursed +1 dagger "Kytemnown" {pain, +Rage
                  | +Fly rC- Int+3} (You found it on level 6 of the Lair of
                  | Beasts)
 24858 | D:11     | Found a staircase to the Orcish Mines.
 25200 | D:11     | Reached skill level 10 in Invocations
 25647 | D:11     | Noticed Kirke
 25663 | D:11     | Killed Kirke
 25908 | D:11     | Found Xiqughar's Antique Armour Boutique.
 26392 | D:11     | Bought a slimy cloak for 304 gold pieces
 26392 | D:11     | Bought a pair of runed boots for 240 gold pieces
 26402 | D:11     | Identified the cursed -2 cloak "Medaul" {*Corrode +Inv
                  | Regen+} (You bought it in a shop on level 11 of the
                  | Dungeon)
 26593 | Orc      | Entered the Orcish Mines
 26599 | Orc      | Found Corug's Weapon Emporium.
 26683 | Orc      | Noticed Josephine
 26689 | Orc      | Killed Josephine
 26882 | Orc      | Noticed Erica
 26886 | Orc      | Found an iron altar of Okawaru.
 26889 | Orc      | Killed Erica
 27018 | Orc      | Paralysed by an orc sorcerer for 3 turns
 27020 | Orc      | HP: 5/111 [orc warrior/+0 trident (9)]
 27021 | Orc      | Killed from afar by a ynoxinul

Skill      XL: |  1  2  3  4  5  6  7  8  9 10 11 12 13 14 |
---------------+-------------------------------------------+-----
Spellcasting   | 5 6 7 8 9 10 | 10.7
Invocations    | 1 2 3 4 5 6 7 8 9 10 | 10.3
Short Blades   | 1 2 3 4 5 6 7 8 9 |  9.5
Long Blades    | 1 2 3 4 5 6 7 8 9 |  9.5
Maces & Flails | 1 2 3 4 5 6 7 8 9 |  9.5
Polearms       | 1 2 3 4 5 6 7 8 9 |  9.5
Staves         | 1 2 3 4 5 6 7 8 9 |  9.5
Slings         | 1 2 3 4 5 6 7 8 9 |  9.5
Bows           | 1 2 3 4 5 6 7 8 9 |  9.5
Crossbows      | 1 2 3 4 5 6 7 8 9 |  9.5
Throwing       | 1 2 3 4 5 6 7 8 9 |  9.5
Stealth        | 1 2 3 4 5 6 7 8 9 |  9.5
Shields        | 1 2 3 4 5 6 7 8 9 |  9.5
Unarmed Combat | 1 2 3 4 5 6 7 8 9 |  9.5
Evocations     | 1 2 3 4 5 6 7 8 9 |  9.5
Conjurations   | 1 2 3 4 5 6 7 8 |  8.0
Hexes          | 1 2 3 4 5 6 7 8 |  8.0
Summonings     | 1 2 3 4 5 6 7 8 |  8.0
Necromancy     | 1 2 3 4 5 6 7 8 |  8.0
Translocations | 1 2 3 4 5 6 7 8 |  8.0
Transmutations | 1 2 3 4 5 6 7 8 |  8.0
Fire Magic     | 1 2 3 4 5 6 7 8 |  8.0
Ice Magic      | 1 2 3 4 5 6 7 8 |  8.0
Air Magic      | 1 2 3 4 5 6 7 8 |  8.0
Earth Magic    | 1 2 3 4 5 6 7 8 |  8.0
Poison Magic   | 1 2 3 4 5 6 7 8 |  8.0
Armour         | 3 4 5 6 7 8 9 |  9.9
Fighting       | 5 6 7 8 9 10 | 10.5
Axes           | 5 6 7 8 9 10 | 10.5
Dodging        | 5 6 7 8 9 10 | 10.5
Charms         | 6 7 8 9 |  9.7

Action                   |  1- 3 |  4- 6 |  7- 9 | 10-12 | 13-15 || total
-------------------------+-------+-------+-------+-------+-------++-------
Melee: Hand axe          |    82 |   156 |   215 |       |       ||   453
       Bite              |    12 |    14 |    31 |    51 |    55 ||   163
       Punch             |       |     3 |       |       |       ||     3
       War axe           |       |       |   187 |   372 |     6 ||   565
       Flail             |       |       |       |    43 |   416 ||   459
       Battleaxe         |       |       |       |       |     9 ||     9
 Fire: Hunting sling     |       |       |       |       |     2 ||     2
Throw: Stone             |    31 |    58 |    80 |    98 |       ||   267
       Tomahawk          |       |       |    73 |       |   246 ||   319
 Cast: Infusion          |    11 |    14 |    16 |    58 |    31 ||   130
       Song of Slaying   |     1 |     3 |     6 |     9 |    11 ||    30
       Spectral Weapon   |       |     5 |    11 |    47 |    28 ||    91
       Ozocubu's Armour  |       |       |       |    20 |     5 ||    25
       Regeneration      |       |       |       |     2 |     5 ||     7
       Sticks to Snakes  |       |       |       |     3 |       ||     3
       Cause Fear        |       |       |       |       |     2 ||     2
Invok: Whirlwind         |       |       |     5 |    38 |   118 ||   161
       Lunge             |       |       |     3 |    18 |    35 ||    56
       Heavenly Storm    |       |       |       |       |     9 ||     9
 Abil: Wall Jump         |       |       |       |     3 |     1 ||     4
       Serpent's Lash    |       |       |       |       |     2 ||     2
Evoke: Wand              |       |       |       |       |     3 ||     3
  Use: Scroll            |       |       |    10 |    13 |     4 ||    27
       Potion            |       |       |     1 |     6 |     3 ||    10
 Stab: Sleeping          |     2 |     1 |     3 |     1 |     3 ||    10
       Distracted        |       |       |       |     3 |     2 ||     5
  Eat: Chunk             |     2 |     9 |    16 |    23 |    15 ||    65
       Ration            |       |       |     1 |     3 |     2 ||     6
Armor: Leather armour    |    16 |    27 |    33 |       |       ||    76
       Scale mail        |       |       |     9 |       |       ||     9
       Ring mail         |       |       |    55 |   102 |   104 ||   261
Dodge: Dodged            |    60 |   109 |   290 |   270 |   256 ||   985
Block: Buckler           |       |       |    94 |    86 |   108 ||   288
